 Dungeon Crawl Stone Soup version 0.30.0-18-gc0e69614cb (webtiles) character file.

Game seed: 9883244430142108151

310 H0rd4k the Charlatan (level 6, -1/44 HPs)
             Began as a Human Artificer on May 24, 2023.
             Succumbed to a kobold brigand's curare-tipped dart
             ... in a sewer.
             The game lasted 00:02:58 (2991 turns).

H0rd4k the Charlatan (Human Artificer)              Turns: 2991, Time: 00:02:59

Health: -1/44      AC:  4    Str: 12    XL:     6   Next: 69%
Magic:  6/6        EV: 12    Int: 14    God:
Gold:   120        SH:  0    Dex: 16    Spells: 5/5 levels left

rFire   + . .        v - +5 dagger "Jinorph" {drain, rC+ Dex+3 Stlth+}
rCold   + + .        (no shield)
rNeg    . . .        b - +0 leather armour
rPois   +            (no helmet)
rElec   +            (no cloak)
rCorr   +            (no gloves)
SInv    .            i - +0 pair of boots
Will    .....        (no amulet)
Stlth   +++          t - ring of flight
HPRegen 0.27/turn    (no ring)
MPRegen 0.10/turn

%: no passive effects
@: lethally poisoned (-1 -> -8), resistant, flying, slowed, very slow
A: no striking features
a: no special abilities


You were in a sewer.
You visited 1 branch of the dungeon, and saw 3 of its levels.
You also visited: Sewer.

You collected 120 gold pieces.

Inventory:

Hand Weapons
 a - a +0 club
 h - a +3 short sword
 v - the +5 dagger "Jinorph" (weapon) {drain, rC+ Dex+3 Stlth+}
   (You found it on level 3 of the Dungeon)

   Dex:       It affects your dexterity (+3).
   rC:        It protects you from cold.
   Stlth:     It makes you more stealthy.
Missiles
 m - 11 poisoned darts
Armour
 b - a +0 leather armour (worn)
 i - a +0 pair of boots (worn)
Magical Staves
 r - a staff of earth
Jewellery
 t - a ring of flight (left hand)
Wands
 c - a wand of flame (6) (quivered)
 d - a wand of charming (12)
 e - a wand of iceblast (4)
Scrolls
 f - 2 scrolls of brand weapon {unknown}
 g - a scroll of teleportation {unknown}
 j - a scroll of poison {unknown}
 k - a scroll of fog {unknown}
 l - a scroll of magic mapping {unknown}
 o - a scroll of identify {unknown}
 p - a scroll of vulnerability {unknown}
 s - a scroll of noise {unknown}
Potions
 q - a potion of lignification {unknown}
 u - a potion of brilliance {unknown}
 w - a potion of might {unknown}


   Skills:
 + Level 2.2 Fighting
 + Level 3.2 Short Blades
 - Level 2.0 Armour
 + Level 2.1 Dodging
 + Level 3.4 Stealth
 + Level 4.1 Evocations


You had 5 spell levels left.
You didn't know any spells.
Your spell library contained the following spells:

 Spells                   Type           Power      Damage    Failure   Level
 Beastly Appendage        Tmut           0%         N/A       36%         1
 Wereblood                Tmut           0%         N/A       50%         2
 Spider Form              Tmut/Pois      0%         N/A       73%         3


Dungeon Overview and Level Annotations

Branches:
Dungeon (3/15)              Sewer (1/1)

Altars:
Qazlal


Message History

You are poisoned.
You have difficulty breathing.
You feel yourself slow down.
There are monsters nearby!
An adder comes into view.
You feel very sick.
The kobold brigand throws a curare-tipped dart.
The curare-tipped dart hits you.
You are more poisoned.
You have difficulty breathing.
You feel as though you will be slow longer.
You hit the kobold brigand. You drain the kobold brigand.
The kobold brigand is moderately wounded.
You feel extremely sick.
The adder hisses angrily.
You barely miss the kobold brigand.
The kobold brigand is moderately wounded.
* * * LOW HITPOINT WARNING * * *
You feel very sick.
The frilled lizard bites you but does no damage.
The kobold brigand closely misses you. The frilled lizard closely misses you.
Aiming: Charm
Press: ? - help, Shift-Dir - straight line, f - frilled lizard
Aim: a frilled lizard (chance to affect: 75%)
The frilled lizard is charmed.
* * * LOW HITPOINT WARNING * * *
You feel very sick.
The kobold brigand splashes around in the water.
The kobold brigand barely misses you.
Aiming: Charm
Press: ? - help, Shift-Dir - straight line, f - kobold brigand, p - frilled lizard
Aim: a kobold brigand, wielding a +0 whip and quivering curare-tipped darts (moderately wounded, lightly drained, chance to affect: 62%)
The kobold brigand resists with significant effort.
* * * LOW HITPOINT WARNING * * *
You feel very sick.
Your frilled lizard closely misses the kobold brigand.
The kobold brigand splashes around in the water.
Your frilled lizard closely misses the kobold brigand.
It was a potion of resistance.
You feel protected.
You die...

#~####.≈≈≈ #~#..~.≈≈≈
###~#~..~≈≈≈
###.P.....≈≈≈≈
#......~~~≈≈≈ #.~~~...~.≈
#..~)..l#######
#..~~..@KS~~~~~
##.~.†.P#########
#≈≈~~.PP..P≈≈≈≈≈≈≈≈~~...~
##≈≈≈.#~#.≈≈≈≈≈≈≈≈≈.~P~S.
#≈≈≈≈#~#≈≈≈≈≈≈≈≈≈.~P.~.~
#≈≈≈≈#~#≈≈≈≈≈≈≈≈≈..~.~~.
#≈≈≈≈#~#≈≈≈≈≈≈≈≈≈~P.~.~.
#≈≈≈≈≈#~#≈########..~.~.~
##≈≈ #~#≈≈≈≈≈≈≈≈P.P...~.


You could see a kobold brigand (drained, ally target), an adder and a friendly
frilled lizard (charmed).

Vanquished Creatures
  2 kobold brigands (Sewer)
  An adder (Sewer)
  4 gnolls
  2 river rats (Sewer)
  2 worms
  3 dart slugs (D:1)
  5 orcs (D:3)
  13 ball pythons
  3 endoplasms
  3 giant cockroaches
  5 goblins
  2 hobgoblins
  9 jackals
  10 kobolds
  2 quokkas
  11 bats
  5 frilled lizards
  7 rats
89 creatures vanquished.

Vanquished Creatures (others)
  A gnoll (D:2)
1 creature vanquished.

Grand Total: 90 creatures vanquished

Notes
Turn   | Place    | Note
-------+----------+-------------------------------------------
     0 | D:1      | H0rd4k the Human Artificer began the quest for the Orb.
     0 | D:1      | Reached XP level 1. HP: 15/15 MP: 1/1
   119 | D:1      | Reached XP level 2. HP: 6/21 MP: 2/2
   327 | D:1      | Reached XP level 3. HP: 24/26 MP: 3/3
   681 | D:1      | Found a faded altar of an unknown god.
   761 | D:1      | Reached skill level 1 in Short Blades
   847 | D:1      | Reached XP level 4. HP: 32/32 MP: 4/4
  1400 | D:2      | Found a stormy altar of Qazlal.
  1762 | D:2      | Reached XP level 5. HP: 14/37 MP: 5/5
  2313 | D:3      | Identified the +5 dagger "Jinorph" {drain, rC+ Dex+3
                  | Stlth+}
  2686 | D:3      | Found a glowing drain.
  2712 | Sewer    | Entered a sewer
  2727 | Sewer    | Noticed a kobold brigand
  2734 | Sewer    | Killed a kobold brigand
  2735 | Sewer    | Reached skill level 4 in Evocations
  2735 | Sewer    | Reached XP level 6. HP: 44/44 MP: 6/6
  2990 | Sewer    | HP: 2/44 [poisoned by a kobold brigand (curare-tipped
                  | dart)]
  2991 | Sewer    | Succumbed to a kobold brigand's curare-tipped dart

Illustrated notes

Levels and vault maps discovered:
D:1:      dpeg_arrival_boxorama, layout_basic, basic_ecumenical_altar
D:2:      minmay_inner_zag, layout_basic, basic_altar
D:3:      layout_loops_cross, cheibrodos_sewer_entry_drain, nicolae_eternal_life
Sewer:    sewer_co_scattered_pipes

Skill      XL: |  1  2  3  4  5  6 |
---------------+-------------------+-----
Short Blades   | 1 2 3 |  3.2
Stealth        | 2 3 |  3.4
Fighting       | 2 |  2.2
Evocations     | 4 |  4.1
Dodging        | 2 |  2.1
Armour         | |  2.0

Action                     |  1- 3 |  4- 6 || total
---------------------------+-------+-------++-------
  Melee: Club              |    12 |       ||    12
         Short sword       |    66 |    40 ||   106
         Punch             |     1 |     1 ||     2
         Dagger            |       |    84 ||    84
  Evoke: Wand              |     4 |     9 ||    13
    Use: Potion            |       |     1 ||     1
   Stab: Sleeping          |     3 |    11 ||    14
         Distracted        |       |     1 ||     1
 Armour: Leather armour    |    30 |    33 ||    63
  Dodge: Dodged            |    66 |    75 ||   141
